 Dungeon Crawl Stone Soup version 0.25.0-1-g7eea58d2a3 (webtiles) character file.

Game seed: 10065648135005570559

10900 gruber the Marksminotaur (level 11, -9/89 HPs)
             Began as a Minotaur Gladiator on June 14, 2020.
             Was a High Priest of Okawaru.
             Mangled by a yak (13 damage)
             ... on level 11 of the Dungeon.
             The game lasted 00:16:14 (12430 turns).

gruber the Marksminotaur (Minotaur Gladiator)      Turns: 12430, Time: 00:16:15

Health: -9/89      AC: 10    Str: 23    XL:     11   Next: 42%
Magic:  13/13      EV: 15    Int:  5    God:    Okawaru [*****.]
Gold:   342        SH:  0    Dex: 11    Spells: 10/10 levels left

rFire    . . .     SeeInvis .   a - +0 quarterstaff
rCold    + . .     Gourm    .   (shield currently unavailable)
rNeg     . . .     Faith    .   b - +1 ring mail {rC+}
rPois    .         Spirit   .   c - +0 hat
rElec    .         Reflect  .   K - scarf {+Inv}
rCorr    .         Harm     .   q - +0 pair of gloves
MR       .....                  O - -1 pair of boots (curse)
Stlth    +.........             k - amulet of the acrobat
HPRegen  0.24/turn              (no ring)
MPRegen  0.13/turn              (no ring)

@: studying Throwing
A: retaliatory headbutt, horns 2
a: Heroism, Finesse, Renounce Religion, Evoke Invisibility


You were on level 11 of the Dungeon.
You worshipped Okawaru.
Okawaru was extremely pleased with you.
You were very hungry.

You visited 1 branch of the dungeon, and saw 11 of its levels.

You collected 545 gold pieces.
You spent 203 gold pieces at shops.

Inventory:

Hand Weapons
 a - a +0 quarterstaff (weapon)
 w - a +0 shortbow
Missiles
 d - 2 throwing nets
 x - 242 arrows
 C - 22 poisoned darts (quivered)
Armour
 b - a +1 ring mail of cold resistance (worn)
 c - a +0 hat (worn)
 q - a +0 pair of gloves (worn)
 K - a scarf of invisibility (worn)
 O - a cursed -1 pair of boots (worn)
Magical Staves
 p - an uncursed staff of earth
Jewellery
 k - an amulet of the acrobat (around neck)
 I - an uncursed ring of ice
Wands
 t - a wand of acid (11)
 y - a wand of clouds (5)
 F - a wand of digging (5)
 H - a wand of polymorph (20)
 J - a wand of random effects (28)
Scrolls
 e - 7 scrolls of identify
 g - 3 scrolls of teleportation
 h - 3 scrolls of magic mapping {unknown}
 l - a scroll of random uselessness {unknown}
 n - 8 scrolls of remove curse
 r - 2 scrolls of noise {unknown}
 u - 3 scrolls of fog {unknown}
 B - 3 scrolls of enchant weapon {unknown}
 G - 2 scrolls of blinking
Potions
 i - 6 potions of curing
 j - a potion of magic
 m - 4 potions of heal wounds
 o - 4 potions of mutation
 s - a potion of ambrosia
 v - 2 potions of cancellation
 z - 2 potions of invisibility
 A - a potion of lignification
 D - 2 potions of flight {unknown}
 N - a potion of stabbing {unknown}
Books
 M - a manual of Throwing
Comestibles
 f - 12 rations


   Skills:
 * Level 5.7 Fighting
 - Level 8.1 Staves
 - Level 15.2 Bows
 - Level 2.0 Throwing
 - Level 10.0 Armour
 - Level 9.3 Dodging
 - Level 5.0 Invocations


You had 10 spell levels left.
You didn't know any spells.
Your spell library contained the following spells:

 Spells                   Type           Power        Failure   Level  Hunger
 Infusion                 Chrm           #...         61%         1    ##.....
 Magic Dart               Conj           #...         61%         1    ##.....
 Searing Ray              Conj           #.....       75%         2    ###....
 Shroud of Golubria       Chrm/Tloc      #.....       75%         2    ###....
 Song of Slaying          Chrm           #.......     75%         2    ###....
 Dazzling Flash           Conj/Hex       #.....       93%         3    ####...
 Ozocubu's Armour         Chrm/Ice       #.......     93%         3    ####...
 Spectral Weapon          Hex/Chrm       #.......     93%         3    ####...
 Fulminant Prism          Conj/Hex       #.........   100%        4    #####..
 Iskenderun's Mystic Bla  Conj/Tloc      #.......     100%        4    #####..


Dungeon Overview and Level Annotations

Branches:
Dungeon (11/15)            Temple (0/1) D:7            Lair (0/6) D:10
    Orc: D:9-12

Altars:
Cheibriados
Elyvilon
Fedhas
Hepliaklqana
Nemelex Xobeh
Okawaru
Sif Muna
Yredelemnul
The Shining One

Shops:
D:5 [   D:9 }?}?

Annotations:
D:2 Sigmund
D:7 2 transporters, nikku's ghost, novice DECj


Innate Abilities, Weirdness & Mutations

You reflexively headbutt those who attack you in melee.
You have a pair of horns on your head.


Message History

The yak is heavily wounded.
The yak gores you!
* * * LOW HITPOINT WARNING * * *
You sock the yak! You headbutt the yak.
The yak is severely wounded.
The yak gores you but does no damage.
You barely miss the yak.
The yak is severely wounded.
The yak barely misses you.
You hit the yak but do no damage.
The yak is severely wounded.
The yak gores you!
* * * LOW HITPOINT WARNING * * *
You hit the yak. You headbutt the yak.
The yak is almost dead.
The yak misses you.
You hit the yak but do no damage.
The yak is almost dead.
The yak gores you!
You die...

#....##........##
##......###...##
#......##......#######
#....................#
##...................#
##...#..#.............#
##.[.###.#.........#...#
##........##............#..
##...#.....@Y.)............#
##....##...##...##..###......
#..........##....##..###...##
#####.............=......###...#
#.........................# ....
##..................#.....##
....
...................##....#.# ##.
..........##.............#...
....................##.........


You could see a yak.

Vanquished Creatures
  Erica (D:11)
  2 two-headed ogres
  An unseen horror (D:11)
  A manticore (D:11)
  2 gargoyles
  Maurice (D:8)
  Psyche (D:9)
  A troll (D:11)
  A hippogriff (D:10)
  A spriggan (D:7)
  5 yaks (D:11)
  A shadow (D:8)
  A wraith (D:11)
  A wyvern (D:9)
  A hungry ghost (D:7)
  A water moccasin (D:8)
  A sky beast (D:10)
  An orc warrior (D:10)
  4 ice beasts
  A necrophage (D:11)
  2 phantoms (D:8)
  4 ogres
  8 centaurs
  A crocodile (D:10)
  2 big kobolds
  A bullfrog (D:8)
  3 gnoll sergeants
  A wyvern skeleton (D:7)
  3 scorpions
  14 killer bees
  5 howler monkeys (D:7)
  A centaur zombie (D:10)
  4 crimson imps
  A bullfrog zombie (D:11)
  A quasit (D:10)
  2 jellies
  3 hounds
  9 orc priests
  5 orc wizards
  3 iguanas
  Terence (D:2)
  Natasha (thrice) (D:4)
  15 worker ants
  2 hound skeletons
  A hound zombie (D:7)
  13 gnolls
  14 adders
  2 shadow imps
  2 oozes
  2 adder skeletons
  An adder zombie (D:8)
  5 worms
  6 leopard geckos
  27 orcs
  18 bats
  5 giant cockroaches
  14 goblins
  9 hobgoblins
  4 jackals (D:11)
  9 quokkas
  6 frilled lizards
  2 jackal skeletons
  19 kobolds
  A leopard gecko skeleton (D:8)
  A leopard gecko zombie (D:5)
  A quokka skeleton (D:4)
  13 rats
298 creatures vanquished.

Vanquished Creatures (others)
  A plant (D:10)
1 creature vanquished.

Grand Total: 299 creatures vanquished

Notes
Turn   | Place    | Note
-------+----------+-------------------------------------------
     0 | D:1      | gruber the Minotaur Gladiator began the quest for the Orb.
     0 | D:1      | Reached XP level 1. HP: 18/18 MP: 0/0
     3 | D:1      | Noticed an electric eel
     3 | D:1      | Noticed an electric eel
   125 | D:1      | Reached XP level 2. HP: 25/25 MP: 1/1
   608 | D:1      | Reached skill level 5 in Staves
   656 | D:1      | Reached XP level 3. HP: 26/30 MP: 2/2
   829 | D:2      | Noticed Sigmund
  1151 | D:2      | Reached XP level 4. HP: 37/37 MP: 3/3
  1296 | D:2      | Noticed Terence
  1308 | D:2      | Killed Terence
  1943 | D:3      | Reached XP level 5. HP: 39/42 MP: 4/4
  2157 | D:3      | Reached XP level 6. HP: 36/50 MP: 5/5
  2620 | D:3      | Found an iron altar of Okawaru.
  2628 | D:3      | Became a worshipper of Warmaster Okawaru
  2811 | D:4      | Noticed Natasha
  2818 | D:3      | Reached skill level 1 in Armour
  3221 | D:4      | Killed Natasha
  3221 | D:4      | Reached XP level 7. HP: 33/59 MP: 6/6
  3464 | D:4      | Noticed Natasha
  3469 | D:4      | Killed Natasha
  3563 | D:4      | Noticed Natasha
  3568 | D:4      | Killed Natasha
  3568 | D:4      | Reached skill level 5 in Armour
  3580 | D:4      | Reached * piety under Okawaru
  3966 | D:5      | Entered Level 5 of the Dungeon
  4298 | D:5      | Reached skill level 1 in Invocations
  4531 | D:5      | Reached XP level 8. HP: 66/66 MP: 9/9
  4568 | D:5      | Found Jahyex's Armour Boutique.
  4967 | D:6      | Found a glowing golden altar of the Shining One.
  4977 | D:6      | Found a snail-covered altar of Cheibriados.
  4990 | D:6      | Found a sparkling altar of Nemelex Xobeh.
  5006 | D:6      | Found a shimmering blue altar of Sif Muna.
  5390 | D:6      | Found a hazy altar of Hepliaklqana.
  5464 | D:6      | Found a white marble altar of Elyvilon.
  5557 | D:6      | Found a basalt altar of Yredelemnul.
  5867 | D:7      | Found a transporter.
  5868 | D:7      | Noticed nikku's ghost (novice DECj)
  5928 | D:7      | Reached skill level 5 in Invocations
  6044 | D:7      | Found a transporter.
  6055 | D:7      | Reached ** piety under Okawaru
  6312 | D:7      | Found a staircase to the Ecumenical Temple.
  6473 | D:8      | Reached XP level 9. HP: 70/71 MP: 11/11
  6509 | D:8      | Noticed Maurice
  6555 | D:8      | Killed Maurice
  6555 | D:8      | Reached skill level 10 in Armour
  6916 | D:8      | Found a blossoming altar of Fedhas.
  7221 | D:8      | Noticed a two-headed ogre
  7237 | D:8      | Killed a two-headed ogre
  7237 | D:8      | Reached *** piety under Okawaru
  7786 | D:8      | Reached **** piety under Okawaru
  8215 | D:8      | Reached XP level 10. HP: 75/79 MP: 12/12
  8455 | D:9      | Reached skill level 1 in Bows
  8502 | D:9      | Found Dohik's Gadget Boutique.
  8585 | D:9      | Reached skill level 3 in Bows
  8764 | D:9      | Found Tomusch's Magic Scroll Shop.
  8773 | D:9      | Reached skill level 4 in Bows
  8775 | D:9      | Bought a scroll of blinking for 105 gold pieces
  8775 | D:9      | Bought 2 scrolls of identify for 56 gold pieces
  8775 | D:9      | Bought a scroll of teleportation for 42 gold pieces
  9083 | D:9      | Reached skill level 5 in Bows
  9291 | D:9      | Reached skill level 6 in Bows
  9431 | D:9      | Found Puagan's Magic Scroll Shoppe.
  9555 | D:9      | Noticed Psyche
  9562 | D:9      | Killed Psyche
  9562 | D:9      | Received a gift from Okawaru
  9562 | D:9      | Reached skill level 7 in Bows
  9838 | D:9      | Found Ugicec's Gadget Emporium.
  9973 | D:10     | Entered Level 10 of the Dungeon
  9973 | D:10     | Noticed a two-headed ogre
  9980 | D:10     | Killed a two-headed ogre
  9980 | D:10     | Received a gift from Okawaru
  9980 | D:10     | Reached skill level 9 in Bows
 10139 | D:10     | Reached skill level 10 in Bows
 10252 | D:10     | Found a staircase to the Lair.
 10376 | D:10     | Reached skill level 11 in Bows
 10378 | D:10     | Noticed a gargoyle
 10393 | D:10     | Killed a gargoyle
 10415 | D:10     | Reached skill level 12 in Bows
 10687 | D:10     | Reached ***** piety under Okawaru
 11166 | D:10     | Received a gift from Okawaru
 11166 | D:10     | Reached skill level 13 in Bows
 11348 | D:11     | Reached XP level 11. HP: 60/84 MP: 11/13
 11757 | D:11     | Reached skill level 14 in Bows
 11844 | D:11     | Noticed Erica
 11850 | D:11     | Received a gift from Okawaru
 11861 | D:11     | Killed Erica
 11861 | D:11     | Reached skill level 15 in Bows
 12200 | D:11     | Killed an unseen horror
 12342 | D:11     | Received a gift from Okawaru
 12349 | D:11     | Reached skill level 5 in Fighting
 12364 | D:11     | HP: 1/88 [yak (11)]
 12428 | D:11     | HP: 4/89 [yak (12)]
 12430 | D:11     | Mangled by a yak

Illustrated notes

Levels and vault maps discovered:
D:1:      arrival_aquarium_b, layout_rooms
D:2:      layout_basic, first_ration, minmay_pentomino_q4, uniq_sigmund,
          uniq_terence
D:3:      layout_rooms, kennysheep_okawaru_gauntlet
D:4:      layout_rooms, uniq_natasha
D:5:      layout_loops_cross, serial_shops, shop
D:6:      layout_loops_corners, kennysheep_ying_yang, kennysheep_little_box,
          nicolae_overflow_quartered_altars
D:7:      layout_loops_ring, minmay_temple_entry_waves,
          gammafunk_ghost_stat_death, the_bakery
D:8:      layout_basic, fedhas_altar_4, uniq_maurice
D:9:      layout_grid_maze, serial_shops,
          nicolae_shop_temple_entry_statues_fountains, shop, shop, shop,
          uniq_psyche
D:10:     layout_basic, david_lair_shrubbed, minmay_misc_feat_doors
D:11:     layout_cave_pools, uniq_erica

Skill      XL: |  1  2  3  4  5  6  7  8  9 10 11 |
---------------+----------------------------------+-----
Staves         | 4 5 6 8 |  8.1
Fighting       | 4 5 |  5.7
Armour         | 3 6 9 10 | 10.0
Invocations    | 2 5 |  5.0
Dodging        | 9 |  9.3
Bows           | 13 15 | 15.2
Throwing       | |  2.0

Action                   |  1- 3 |  4- 6 |  7- 9 | 10-12 || total
-------------------------+-------+-------+-------+-------++-------
Melee: Quarterstaff      |    81 |   186 |   346 |   265 ||   878
       Headbutt          |    10 |    30 |    69 |    61 ||   170
       Dagger            |     7 |       |       |       ||     7
 Fire: Shortbow          |       |       |       |   140 ||   140
Throw: Dart              |       |       |     9 |       ||     9
       Throwing net      |       |       |     3 |       ||     3
Invok: Heroism           |       |       |     1 |     6 ||     7
Evoke: Wand              |       |       |     1 |     3 ||     4
  Use: Scroll            |       |       |       |    10 ||    10
       Potion            |       |       |       |     2 ||     2
 Stab: Sleeping          |     1 |       |       |       ||     1
  Eat: Chunk             |     1 |     6 |    14 |     9 ||    30
       Ration            |       |       |     2 |     1 ||     3
Armor: Leather armour    |    10 |       |       |       ||    10
       Ring mail         |    23 |    48 |    79 |    94 ||   244
Dodge: Dodged            |    93 |   125 |   205 |   296 ||   719
